 Dungeon Crawl Stone Soup version 0.31-a0-750-gfe7b580527 (webtiles) character file.

Game seed: 8927079065164787791

5251 randomguy2701 the Cleaver (level 10, -8/88 HPs)
             Began as a Hill Orc Fighter on Sept 15, 2023.
             Was a Believer of Beogh.
             Mangled by a troll (11 damage)
             ... on level 8 of the Dungeon.
             The game lasted 00:10:35 (6750 turns).

randomguy2701 the Cleaver (Hill Orc Fighter)        Turns: 6750, Time: 00:10:39

Health: -8/88      AC: 13    Str: 20    XL:     10   Next: 62%
Magic:  15/15      EV:  7    Int:  8    God:    Beogh [**....]
Gold:   389        SH:  5    Dex: 14    Spells: 9/9 levels left

rFire   . . .        a - +0 war axe
rCold   . . .        c - +0 buckler
rNeg    + . .        C - +0 plate armour
rPois   .            (no helmet)
rElec   .            (no cloak)
rCorr   .            (no gloves)
SInv    .            (no boots)
Will    .....        q - amulet of regeneration Stlth
                     h - ring of positive energy
HPRegen 1.14/turn    (no ring)
MPRegen 0.14/turn

%: no passive effects
@: hasted, very quick
A: no striking features
a: Renounce Religion, Smiting


You were on level 8 of the Dungeon.
You worshipped Beogh.
Beogh was pleased with you.
You visited 1 branch of the dungeon, and saw 10 of its levels.

You collected 389 gold pieces.

Inventory:

Hand Weapons
 a - a +0 war axe (weapon)
Armour
 c - a +0 buckler (worn)
 C - a +0 plate armour (worn)
Jewellery
 h - a ring of positive energy (left hand)
 q - an amulet of regeneration (around neck)
Wands
 b - a wand of digging (8)
 x - a wand of polymorph (10)
 y - a wand of flame (7)
Scrolls
 d - 2 scrolls of enchant weapon
 f - 2 scrolls of enchant armour
 k - a scroll of silence
 l - a scroll of summoning {unknown}
 m - a scroll of amnesia {unknown}
 n - a scroll of teleportation {unknown}
 v - a scroll of immolation {unknown}
 w - 2 scrolls of fog {unknown}
 z - a scroll of blinking {unknown}
Potions
 e - a potion of attraction {unknown}
 g - a potion of degeneration
 i - 2 potions of curing
 o - 3 potions of haste
 r - a potion of invisibility
 s - a potion of enlightenment


   Skills:
 + Level 8.0 Fighting
 + Level 12.3 Axes
 + Level 8.2 Armour
 + Level 2.5 Dodging
 + Level 0.8 Stealth
 + Level 5.8 Shields
 * Level 7.8 Invocations


You had 9 spell levels left.
You didn't know any spells.
Your spell library contained the following spells:

 Spells                   Type           Power      Damage    Failure   Level
 Apportation              Tloc           0%         N/A       100%        1
 Necrotise                Necr           0%         1d4       100%        1
 Sting                    Tmut/Pois      0%         1d3       100%        1
 Summon Small Mammal      Summ           0%         N/A       100%        1
 Blink                    Tloc           0%         N/A       100%        2
 Lesser Beckoning         Tloc           0%         N/A       100%        2
 Momentum Strike          Conj/Tloc      0%         3d8       100%        2
 Poisonous Vapours        Pois/Air       0%         N/A       100%        2
 Gell's Gravitas          Tloc           0%         N/A       100%        3
 Teleport Other           Tloc           0%         N/A       100%        3
 Olgreb's Toxic Radiance  Pois           0%         N/A       100%        4
 Dispersal                Tloc           0%         N/A       100%        6


Dungeon Overview and Level Annotations

Branches:
Dungeon (10/15)            Temple (0/1) D:5            Lair (0/5) D:8
    Orc: D:9-12

Altars:
Makhleb
The Shining One

Shops:
D:6 *

Portals:
Bailey: D:7

Annotations:
D:2 1 runed translucent door, Crazy Yiuf


Message History

A troll is nearby!
The troll bites you but does no damage. The troll claws you but does no damage.
The troll claws you!
You barely miss the troll. The troll bites you. The troll claws you!
You block the troll's attack.
You hit the troll.
The troll is lightly wounded.
The troll bites you. The troll claws you. x2
You slash the troll!
The troll is heavily wounded.
The troll bites you but does no damage.
The troll claws you but does no damage. x2
You slash the troll!
The troll is severely wounded.
The troll bites you!
The troll claws you but does no damage. x2
You barely miss the troll.
The troll is heavily wounded.
The troll bites you.
The troll claws you but does no damage. x2
You closely miss the troll.
The troll is heavily wounded.
The troll bites you. The troll barely misses you. The troll claws you!
You are too injured to fight recklessly!
You are too injured to fight recklessly!
You are too injured to fight recklessly!
You are too injured to fight recklessly!
You are too injured to fight recklessly!
You are too injured to fight recklessly!
A troll is nearby!
You hit the troll.
The troll is severely wounded.
The troll bites you. The troll claws you but does no damage.
The troll claws you!
* * * LOW HITPOINT WARNING * * *
The troll attacks as it pursues you! The troll bites you!
* * * LOW HITPOINT WARNING * * *
The troll claws you but does no damage. The troll claws you.
* * * LOW HITPOINT WARNING * * *
You feel yourself speed up. The troll bites you.
* * * LOW HITPOINT WARNING * * *
The troll claws you!
You die...

#.# #.# #..# # #.. .
#..# #.#.# ... #..#
#.#.. ....# #..# #....
......####..# ###.#
.$.....T.#..# #....
.......#@#..# ###.###
..##...#....#
#####......
#...##.###.#.....#....
#...#......#.#########
#...#..#####.###......
#...#...(......#.#####
#...#........#.#.#
#<.......#.#.#
#.#........#.#


You could see a troll.

Vanquished Creatures
  Erolcha (D:9)
  Jeremiah (D:7)
  Sigmund (D:2)
  2 wyverns (D:8)
  10 yaks
  A vampire (D:8)
  A basilisk (D:8)
  2 vampire mosquitoes (D:10)
  6 water moccasins
  A sky beast (D:8)
  A black bear (D:5)
  2 bullfrogs
  A kobold brigand (D:7)
  2 scorpions
  A crimson imp (D:6)
  3 orc priests
  6 hounds
  A sleepcap (D:6)
  Ijyb (D:5)
  4 iguanas
  4 orc wizards
  2 gnolls
  9 adders
  A shadow imp (D:6)
  A white imp (D:6)
  An ufetubus (D:4)
  4 worms
  3 dart slugs (D:1)
  26 orcs
  7 bats
  4 endoplasms
  2 giant cockroaches (D:1)
  11 goblins
  10 hobgoblins
  4 jackals
  13 kobolds
  2 quokkas
  9 ball pythons
  4 frilled lizards
  A goblin skeleton (D:6)
  2 goblin zombies (D:6)
  5 hobgoblin zombies (D:6)
  3 kobold skeletons (D:6)
  An orc skeleton (D:6)
  An orc zombie (D:6)
  2 rats
180 creatures vanquished.

Vanquished Creatures (others)
  An orc priest (D:4)
  An orc (D:4)
2 creatures vanquished.

Grand Total: 182 creatures vanquished

Notes
Turn   | Place    | Note
-------+----------+-------------------------------------------
     0 | D:1      | randomguy2701 the Hill Orc Fighter began the quest for the
                  | Orb.
     0 | D:1      | Reached XP level 1. HP: 19/19 MP: 1/1
   170 | D:1      | Reached skill level 3 in Axes
   170 | D:1      | Reached XP level 2. HP: 27/27 MP: 2/2
   324 | D:1      | Reached XP level 3. HP: 33/33 MP: 3/3
   798 | D:2      | Found a runed translucent door.
   799 | D:2      | Noticed Crazy Yiuf
   874 | D:2      | Reached skill level 4 in Axes
  1174 | D:2      | Reached XP level 4. HP: 36/40 MP: 4/4
  1204 | D:2      | Noticed Sigmund
  1211 | D:2      | Killed Sigmund
  1212 | D:2      | Reached skill level 5 in Axes
  1212 | D:2      | Reached XP level 5. HP: 22/47 MP: 0/5
  1431 | D:2      | Reached skill level 6 in Axes
  1619 | D:2      | Reached XP level 6. HP: 53/53 MP: 6/6
  2864 | D:4      | Became a worshipper of Beogh the Brigand
  3088 | D:4      | HP: 2/53 [orc priest/+0 dagger (3)]
  3093 | D:4      | Reached skill level 7 in Axes
  3608 | D:4      | Reached XP level 7. HP: 49/60 MP: 7/7
  3732 | D:5      | Entered Level 5 of the Dungeon
  3767 | D:5      | Reached * piety under Beogh
  3768 | D:5      | Reached skill level 5 in Fighting
  3993 | D:5      | Reached skill level 5 in Armour
  4011 | D:5      | Found a staircase to the Ecumenical Temple.
  4031 | D:5      | Reached skill level 1 in Invocations
  4280 | D:5      | Noticed Ijyb
  4305 | D:5      | Killed Ijyb
  4313 | D:5      | Reached skill level 1 in Dodging
  4456 | D:5      | Reached XP level 8. HP: 64/68 MP: 9/9
  4577 | D:5      | Reached skill level 8 in Axes
  4746 | D:6      | Found a glowing golden altar of the Shining One.
  4749 | D:6      | Reached ** piety under Beogh
  5000 | D:6      | Noticed a yak
  5000 | D:6      | Noticed a yak
  5000 | D:6      | Noticed a yak
  5001 | D:6      | Noticed a yak
  5002 | D:6      | Noticed a yak
  5013 | D:6      | Killed a yak
  5021 | D:6      | Killed a yak
  5022 | D:6      | Reached skill level 9 in Axes
  5026 | D:6      | Killed a yak
  5036 | D:6      | Killed a yak
  5190 | D:6      | Found a burning altar of Makhleb.
  5255 | D:6      | Killed a yak
  5256 | D:6      | Reached skill level 10 in Axes
  5256 | D:6      | Reached XP level 9. HP: 38/75 MP: 12/12
  5422 | D:6      | Reached skill level 5 in Invocations
  5471 | D:6      | Found Ciham's Serpentskin Sales.
  6017 | D:7      | Noticed Jeremiah
  6064 | D:7      | Killed Jeremiah
  6107 | D:7      | Found a flagged portal.
  6135 | D:7      | You fall into a shaft and drop 3 floors!
  6135 | D:10     | Entered Level 10 of the Dungeon
  6187 | D:9      | Noticed Erolcha
  6193 | D:9      | Killed Erolcha
  6194 | D:9      | Reached skill level 11 in Axes
  6194 | D:9      | Reached skill level 5 in Shields
  6257 | D:10     | Reached XP level 10. HP: 55/86 MP: 12/15
  6493 | D:8      | Reached skill level 12 in Axes
  6532 | D:8      | Found a staircase to the Lair.
  6750 | D:8      | HP: 3/88 [troll (3)]
  6750 | D:8      | Mangled by a troll

Illustrated notes

Levels and vault maps discovered:
D:1:      minmay_arrival_shattered_statue, layout_basic
D:2:      layout_loops_corners, minivault_4, minmay_fractal_squares_gapless_5,
          uniq_sigmund, uniq_crazy_yiuf_cottage
D:3:      minmay_evil_eye, layout_basic, minmay_misc_feat_cross
D:4:      layout_loops_ring
D:5:      layout_loops_ring, minmay_temple_entry_proselytizer, uniq_ijyb
D:6:      layout_basic, nicolae_tso_besieged_by_evil, makhleb_heckhound_becter,
          guppyfry_shop_venom
D:7:      layout_basic, enter_bailey_5, serial_shops, shop, uniq_jeremiah,
          uniq_maggie, uniq_pikel
D:8:      layout_basic, mainiacjoe_overflow_surrounded_room,
          minmay_lair_entry_grove, uniq_gastronok
D:9:      layout_big_octagon, lemuel_flamethrower_2, uniq_erolcha
D:10:     layout_long_grid, uniq_erica

Skill      XL: |  1  2  3  4  5  6  7  8  9 10 |
---------------+-------------------------------+-----
Axes           | 3 4 5 6 7 10 11 12 | 12.3
Fighting       | 4 5 6 7 8 |  8.0
Armour         | 4 5 6 7 8 |  8.2
Shields        | 4 5 |  5.8
Invocations    | 2 4 6 7 |  7.8
Dodging        | 1 2 |  2.5
Stealth        | |  0.8

Action                     |  1- 3 |  4- 6 |  7- 9 | 10-12 || total
---------------------------+-------+-------+-------+-------++-------
  Melee: War axe           |    84 |   143 |   328 |   121 ||   676
 Invoke: Convert to Beogh  |       |     1 |       |       ||     1
         Smiting           |       |       |     6 |     1 ||     7
    Use: Potion            |       |     1 |     7 |     3 ||    11
         Scroll            |       |       |     8 |       ||     8
 Armour: Scale mail        |    46 |    92 |   174 |       ||   312
         Skin              |       |       |    23 |    33 ||    56
         Plate armour      |       |       |    72 |    84 ||   156
  Dodge: Dodged            |    35 |    54 |   133 |    18 ||   240
  Block: Buckler           |    13 |    37 |    87 |    25 ||   162

Table legend: (Time is in decaauts)
 A = Elapsed time spent in this place.
 B = Non-inter-level travel time spent in this place.
 C = Inter-level travel time spent in this place.
 D = Time resting spent in this place.
 E = Time spent auto-exploring this place.
 F = Levels seen in this place.
 G = Mean time per level.
                   A        B        C        D        E       F      G
               +--------+--------+--------+--------+--------+-----+--------+
         Total |   6841 |   6499 |    342 |     50 |   5030 |  10 |  684.1 |
       Dungeon |   6841 |   6499 |    342 |     50 |   5030 |  10 |  684.1 |
               +--------+--------+--------+--------+--------+-----+--------+

Top non-repeatable levels by time:
     D:6: 1173 daAuts
     D:2: 1152 daAuts
     D:5: 987 daAuts
     D:3: 962 daAuts
     D:4: 929 daAuts
     D:1: 748 daAuts
     D:8: 403 daAuts
     D:7: 281 daAuts
    D:10: 136 daAuts
     D:9: 66 daAuts
